 Dungeon Crawl Stone Soup version 0.20.1-1-g8b1a95d (webtiles) character file.

167 vatarom the Scratcher (level 5, 0/22 HPs)
             Began as a Felid Transmuter on Sept 2, 2017.
             Splashed by a jelly's acid (9 damage)
             ... on level 3 of the Dungeon.
             The game lasted 00:09:56 (2689 turns).

vatarom the Scratcher (Felid Transmuter)            Turns: 2689, Time: 00:09:57

Health: 0/22       AC: -2    Str:  7    XL:     5   Next: 23%
Magic:  15/18      EV: 21    Int: 15    God:
Gold:   187        SH:  0    Dex: 21    Spells: 2/8 levels left
                                        Lives:  0   Deaths: 1

rFire    . . .     SeeInvis +     - Unarmed
rCold    . . .     Gourm    .   (shield unavailable)
rNeg     . . .     Faith    .   (armour unavailable)
rPois    x         Spirit   .   (helmet unavailable)
rElec    .         Reflect  .   (cloak unavailable)
rCorr    .         Harm     .   (gloves unavailable)
MR       +....                  (boots unavailable)
Stlth    +++.......             (no amulet)
Regen    0.1/turn               f - ring of wizardry
MPRegen  0.2/turn               m - ring of magical power

@: spider-form, corroded
A: no armour, no weapons or thrown items, stealth, see invisible, carnivore 3,
magic resistance 1, slow metabolism 1
a: End Transformation


You were on level 3 of the Dungeon.
You were very full.
You were a venomous arachnid creature.
You visited 1 branch of the dungeon, and saw 3 of its levels.

You collected 187 gold pieces.

Inventory:

Hand Weapons
 e - a +0 dagger
 g - a +0 club
Missiles
 a - 4 arrows
Jewellery
 d - an uncursed ring of ice
 f - a ring of wizardry (left front leg)
 m - a ring of magical power (right front leg)
Scrolls
 j - a scroll of remove curse
 k - a scroll of amnesia
 n - 3 scrolls of recharging {unknown}
Potions
 h - a potion of flight {unknown}
 i - 2 potions of degeneration {unknown}
 l - a potion of curing {unknown}
Books
 b - a book of Changes

   Spells                             Type                      Level
   a - Beastly Appendage              Transmutation                1
   b - Sticks to Snakes               Transmutation                2
   c - Spider Form                    Transmutation/Poison         3
   d - Ice Form                       Ice/Transmutation            4
   e - Blade Hands                    Transmutation                5
Comestibles
 c - 3 meat rations


   Skills:
 - Level 1.0 Fighting
 - Level 2.6 Dodging
 - Level 5.1 Stealth
 + Level 5.5 Unarmed Combat
 - Level 2.0 Spellcasting
 + Level 2.7 Transmutations


You had 2 spell levels left.
You knew the following spells:

 Your Spells              Type           Power        Failure   Level  Hunger
a - Beastly Appendage     Tmut           #.....       8%          1    #......
b - Sticks to Snakes      Tmut           #.......     11%         2    ###....
c - Spider Form           Tmut/Pois      #.........   28%         3    ###....


Dungeon Overview and Level Annotations

Branches:
Dungeon (3/15)

Altars:
Sif Muna
Zin


Innate Abilities, Weirdness & Mutations

You cannot wear armour.
You are incapable of wielding weapons or throwing items.
Your paws allow you to move quietly. (Stealth)
((You have sharp claws.))
((You have razor-sharp teeth.))
You have supernaturally acute eyesight. (SInv)
You are carnivorous and can eat meat at any time.
((You cover ground quickly.))
((You are covered in fur. (AC +1)))
You have a slow metabolism.
((Your sharp claws are effective at attacking unaware monsters.))
((You are partially covered in iridescent scales. (AC +2)))
((You are partially covered in molten scales. (AC +2)))
You are resistant to hostile enchantments. (MR+)


Message History

Eating a chunk of flesh.
You eat the chunk of flesh.
This raw flesh tastes great.
You now have 174 gold pieces (gained 16).
There is a stone staircase leading down here.
You now have 187 gold pieces (gained 13).
You enter a teleport trap!
The teleport trap disappears.
Your surroundings suddenly seem different.
Key pressed, stopping explore.
Key pressed, stopping explore.
A jelly comes into view.
A jelly is nearby!
Casting: Sticks to Snakes
Confirm with . or Enter, or press ? or * to list all spells.
You turn into a venomous arachnid creature.
You hit the jelly.
Your front legs burn!
The jelly is heavily wounded.
You bite the jelly! The acid corrodes you!
Your front legs burn!
The jelly is almost dead.
The jelly hits you.
You are splashed with acid!
The acid burns!
You die...

#.......................
#..........#####........
#......(..# ##......#.
#.........# #........).
#.........#............
#.........#............
######................)#
#......................#
#....?.s...............'
#......J...............#
#..................#....
#..................#....
#................. #....
#................ #....
####........... #....
#........... #.... #....


You could see a jelly.

Vanquished Creatures
  Sigmund (D:3)
  An orc wizard (D:3)
  3 adders
  3 worms
  2 dart slugs
  6 leopard geckos
  4 orcs (D:3)
  3 giant cockroaches
  8 goblins
  7 hobgoblins
  2 jackals (D:2)
  4 kobolds
  2 quokkas
  7 bats
  3 rats
56 creatures vanquished.

Vanquished Creatures (collateral kills)
  An adder (D:2)
  2 orcs (D:3)
  A hobgoblin (D:1)
4 creatures vanquished.

Grand Total: 60 creatures vanquished

Notes
Turn   | Place    | Note
-------+----------+-------------------------------------------
     0 | D:1      | vatarom the Felid Transmuter began the quest for the Orb.
     0 | D:1      | Reached XP level 1. HP: 9/9 MP: 4/4
   407 | D:1      | Reached XP level 2. HP: 10/12 MP: 6/6
   411 | D:1      | Learned a level 2 spell: Sticks to Snakes
   477 | D:1      | Gained mutation: You are resistant to hostile enchantments. (MR+) [potion of mutation]
   477 | D:1      | Gained mutation: You are partially covered in iridescent scales. (AC +2) [potion of mutation]
   477 | D:1      | Gained mutation: You are partially covered in molten scales. (AC +2) [potion of mutation]
   803 | D:2      | Reached skill level 1 in Stealth
   910 | D:2      | Reached XP level 3. HP: 12/15 MP: 7/7
   960 | D:2      | Found a glowing silver altar of Zin.
   993 | D:2      | Learned a level 3 spell: Spider Form
  1201 | D:2      | Found a deep blue altar of Sif Muna.
  1450 | D:2      | Reached XP level 4. HP: 2/19 MP: 1/8
  1799 | D:3      | Noticed Sigmund
  2277 | D:3      | Killed Sigmund
  2277 | D:3      | Reached skill level 5 in Stealth
  2277 | D:3      | Reached skill level 5 in Unarmed Combat
  2277 | D:3      | Reached XP level 5. HP: 20/22 MP: 4/9
  2331 | D:3      | HP: 1/22 [orc wizard/dagger (3)]
  2332 | D:3      | Succumbed to an adder's poison
  2333 | D:3      | Reached XP level 4. HP: 0/19 MP: 5/17
  2351 | D:3      | Reached XP level 5. HP: 14/22 MP: 9/9
  2689 | D:3      | Splashed by a jelly's acid

Skill      XL: |  1  2  3  4 |
---------------+-------------+-----
Stealth        | 1 3 5 |  5.1
Unarmed Combat | 4 5 |  5.5
Fighting       | |  1.0
Dodging        | |  2.6
Spellcasting   | |  2.0
Transmutations | |  2.7

Action                   |  1- 3 |  4- 6 || total
-------------------------+-------+-------++-------
Melee: Unarmed           |    94 |    92 ||   186
       Headbutt          |     6 |       ||     6
       Bite              |     6 |     4 ||    10
       Punch             |     1 |     1 ||     2
 Cast: Beastly Appendage |    12 |     1 ||    13
       Sticks to Snakes  |     5 |     3 ||     8
       Spider Form       |     2 |     4 ||     6
 Abil: End Transformatio |     1 |       ||     1
  Use: Scroll            |     4 |     1 ||     5
       Potion            |     3 |     1 ||     4
 Stab: Sleeping          |     3 |       ||     3
       Distracted        |       |     1 ||     1
  Eat: Chunk             |     9 |     8 ||    17
Armor: Skin              |    11 |     5 ||    16
Dodge: Dodged            |    61 |    77 ||   138
